 Dungeon Crawl Stone Soup version 0.24-a0-57-gac335f2 (webtiles) character file.

Game seed: 7548852934594330583

84 galech the Skirmisher (level 4, -5/37 HPs)
             Began as a Demonspawn Fighter on Feb 4, 2019.
             Killed by divine providence
             ... invoked by an orc priest
              (12 damage)
             ... on level 3 of the Dungeon.
             The game lasted 00:01:39 (1974 turns).

galech the Skirmisher (Demonspawn Fighter)          Turns: 1974, Time: 00:01:41

Health: -5/37      AC:  7    Str: 22    XL:     4   Next: 24%
Magic:  4/4        EV:  7    Int:  9    God:
Gold:   174        SH:  9    Dex: 15    Spells: 3/3 levels left

rFire    . . .     SeeInvis .   a - +0 war axe
rCold    + . .     Gourm    .   c - +0 shield
rNeg     . . .     Faith    .   b - +0 scale mail
rPois    .         Spirit   .   (no helmet)
rElec    .         Reflect  .   (no cloak)
rCorr    .         Harm     .   s - +0 pair of gloves
MR       .....                  (no boots)
Stlth    +.........             (no amulet)
HPRegen  0.12/turn              i - ring of protection from cold
MPRegen  0.09/turn              (no ring)

@: mighty
A: thin skeletal structure 1, powered by pain 1
a: no special abilities


You were on level 3 of the Dungeon.
You were near starving.

You visited 1 branch of the dungeon, and saw 3 of its levels.

You collected 174 gold pieces.

Inventory:

Hand Weapons
 a - a +0 war axe (weapon)
Armour
 b - a +0 scale mail (worn)
 c - a +0 shield (worn)
 s - a +0 pair of gloves (worn)
Jewellery
 i - a ring of protection from cold (left hand)
Scrolls
 e - 4 scrolls of teleportation {unknown}
 h - a scroll of fear {unknown}
 k - 2 scrolls of remove curse {unknown}
 m - 6 scrolls of identify {unknown}
 n - a scroll of immolation {unknown}
 o - a scroll of blinking {unknown}
 r - a scroll of amnesia {unknown}
Potions
 d - a potion of might
 g - a potion of mutation {unknown}
 j - 2 potions of agility {unknown}
 l - a potion of heal wounds {unknown}
 p - 4 potions of curing {unknown}
 q - a potion of resistance {unknown}
Comestibles
 f - 3 rations


   Skills:
 + Level 3.8 Fighting
 + Level 2.5 Axes
 + Level 3.0 Armour
 + Level 0.4 Dodging
 + Level 3.1 Shields


You had 3 spell levels left.
You didn't know any spells.
Your spell library was empty.

Dungeon Overview and Level Annotations

Branches:
Dungeon (3/15)

Altars:
Ashenzari
Trog


Innate Abilities, Weirdness & Mutations

You have a somewhat thin skeletal structure. (Dex +2, Stealth)
You sometimes gain a little power by taking damage.


Message History

You hear some strange, mumbled words.
A magic dart appears from out of thin air!
The magic dart hits you.
You miss something.
You hear some strange, mumbled words.
A puff of frost appears from out of thin air!
You resist. The puff of frost hits you.
The orc priest calls down the wrath of Beogh upon you.
You hear some strange, mumbled words.
A magic dart appears from out of thin air!
The magic dart hits you.
* * * LOW HITPOINT WARNING * * *
You feel very mighty all of a sudden. Something hits you but does no damage.
You hear some strange, mumbled words.
A puff of frost appears from out of thin air!
You block the puff of frost.
The orc priest invokes the aid of Beogh against you.
Beogh smites you!
You die...

### ### #.########.###
#.......##....
#.####.###.### #.#
#.#.....# #########.#
#.#.#.#.# #.oo{@....#
#.#.#>#.#
#.############.#.#.#.#
#.......#.#.#
#.......#.#.#
#.......#.#.#
#####+#.#.#.#
#.#.#.#.# #.#...#.#
###.#####.#


You could see an orc priest and an orc.

Vanquished Creatures
  3 adders
  An ooze (D:2)
  A worm (D:2)
  2 leopard geckos (D:1)
  2 orcs (D:3)
  4 giant cockroaches (D:1)
  2 goblins
  6 hobgoblins
  2 jackals (D:2)
  9 kobolds
  A quokka (D:2)
  A ball python (D:1)
  4 bats
  2 frilled lizards
  9 rats
49 creatures vanquished.

Vanquished Creatures (others)
  4 toadstools (D:1)
4 creatures vanquished.

Grand Total: 53 creatures vanquished

Notes
Turn   | Place    | Note
-------+----------+-------------------------------------------
     0 | D:1      | galech the Demonspawn Fighter began the quest for the Orb.
     0 | D:1      | Reached XP level 1. HP: 18/18 MP: 1/1
    88 | D:1      | Gained mutation: You have a somewhat thin skeletal
                  | structure. (Dex +2, Stealth) [demonic ancestry]
    88 | D:1      | Reached XP level 2. HP: 22/24 MP: 2/2
   883 | D:2      | Gained mutation: You sometimes gain a little power by
                  | taking damage. [demonic ancestry]
   883 | D:2      | Reached XP level 3. HP: 29/29 MP: 3/3
  1310 | D:2      | Found a bloodstained altar of Trog.
  1311 | D:2      | Found a shattered altar of Ashenzari.
  1365 | D:2      | Reached XP level 4. HP: 35/37 MP: 4/4
  1974 | D:3      | Killed from afar by an orc priest

Vault maps used:
D:1:      ldierk_walled_garden_2, minmay_split_cup_small
D:2:      chequers_temple_overflow_statue_of_worship

Skill      XL: |  1  2  3 |
---------------+----------+-----
Axes           | 2 |  2.5
Shields        | 3 |  3.1
Armour         | 3 |  3.0
Fighting       | |  3.8
Dodging        | |  0.4

Action                   |  1- 3 |  4- 6 || total
-------------------------+-------+-------++-------
Melee: War axe           |   159 |    34 ||   193
  Use: Potion            |       |     1 ||     1
  Eat: Chunk             |     2 |       ||     2
Armor: Scale mail        |    70 |    16 ||    86
Dodge: Dodged            |    45 |     7 ||    52
Block: Shield            |    95 |    17 ||   112

Table legend:
 A = Non-vault XP
 B = Vault XP
 C = Vault XP percentage of total XP
 D = Non-vault monster count
 E = Vault monster count
 F = Vault count percentage of total count
                 A         B        C        D         E       F
            +---------+---------+-------+---------+---------+-------
      Total |     116 |       5 |   4.1 |      46 |       3 |   6.1
            +---------+---------+-------+---------+---------+-------
        D:1 |      34 |       5 |  12.8 |      22 |       3 |  12.0
        D:2 |      60 |       0 |   0.0 |      19 |       0 |   0.0
        D:3 |      22 |       0 |   0.0 |       5 |       0 |   0.0
            +---------+---------+-------+---------+---------+-------
